 Dungeon Crawl Stone Soup version 0.26-a0-812-g31a745ddcd (webtiles) character file.

Game seed: 2253236995370749160

39 kae the Insei (level 3, 0/20 HPs)
             Began as a Tengu Transmuter on Nov 23, 2020.
             Succumbed to a kobold's poison
             ... on level 1 of the Dungeon.
             The game lasted 00:00:31 (1270 turns).

kae the Insei (Tengu Transmuter)                    Turns: 1270, Time: 00:00:32

Health: 0/20       AC:  3    Str: 11    XL:     3   Next: 45%
Magic:  6/7        EV: 13    Int: 13    God:
Gold:   83         SH:  0    Dex: 14    Spells: 5/6 levels left

rFire    . . .     SeeInvis .     - Unarmed
rCold    . . .     Faith    .   (no shield)
rNeg     . . .     Spirit   .   a - +0 robe
rPois    .         Reflect  .   (helmet currently unavailable)
rElec    .         Harm     .   e - +0 cloak
rCorr    .         Rampage  .   (no gloves)
MR       .....                  (boots unavailable)
Stlth    +.........             (no amulet)
HPRegen  0.06/turn              (no ring)
MPRegen  0.10/turn              (no ring)

@: brilliant, lethally poisoned (0 -> -19), appendages (expiring), attractive
A: beak, horns 2, talons 3
a: End Transformation


You were on level 1 of the Dungeon.
You had grown temporary horns.
You visited 1 branch of the dungeon, and saw 2 of its levels.

You collected 83 gold pieces.

Inventory:

Armour
 a - a +0 robe (worn)
 e - a +0 cloak (worn)
Scrolls
 b - a scroll of random uselessness {unknown}
 c - a scroll of fog {unknown}
 f - a scroll of immolation {unknown}
 g - a scroll of remove curse {unknown}
Potions
 i - a potion of haste {unknown}


   Skills:
 + Level 1.3 Fighting
 + Level 0.9 Armour
 + Level 2.4 Dodging
 * Level 3.7 Unarmed Combat
 + Level 2.2 Spellcasting
 * Level 2.1 Transmutations


You had 5 spell levels left.
You knew the following spells:

 Your Spells              Type           Power        Failure   Level
a - Beastly Appendage     Tmut           ##....       11%         1

Your spell library contained the following spells:

 Spells                   Type           Power        Failure   Level
 Wereblood                Tmut           ##......     16%         2
 Spider Form              Tmut/Pois      #.........   43%         3
 Ice Form                 Ice/Tmut       #.......     85%         4
 Blade Hands              Tmut           ##........   96%         5


Dungeon Overview and Level Annotations

Branches:
Dungeon (2/15)

Altars:
Hepliaklqana


Innate Abilities, Weirdness & Mutations

You have a beak for a mouth.
You have claws for feet.
You have a pair of horns on your head.


Message History

The kobold hits you with a +0 dagger of venom.
You are more poisoned.
You hit the kobold.
You kill the kobold!
You feel sick.
* * * LOW HITPOINT WARNING * * *
You feel sick.
Things that are here:
a +0 dagger of venom; a kobold corpse
* * * LOW HITPOINT WARNING * * *
You feel sick.
* * * LOW HITPOINT WARNING * * *
You feel sick.
It was a potion of attraction.
You feel attractive to monsters.
* * * LOW HITPOINT WARNING * * *
You feel sick.
It was a potion of brilliance.
You feel clever all of a sudden.
You die...

##......## ##..
##########
##......## ##.
#........#
###......## ##
#.########.
......(.## # #.# #.
###......## ## #.#
#.. ##......## ##.
#.# #.# ##......##
##.. #.##### #..##
##......###...
#.....# #.@##
##......#....
#####.# ###..##
##.......... #.#
#)##.)## ##.........
###.###
#..##..#####...<...#
#.....#
#..###..!####.....##
#.....####.#
###...###...###
#..........#
###..........
#.....####.#
########### #.....#
#.# #.....


There were no monsters in sight!

Vanquished Creatures
  2 adders
  A ball python (D:2)
  4 bats (D:1)
  A giant cockroach (D:1)
  4 goblins (D:1)
  4 hobgoblins
  A quokka (D:2)
  A frilled lizard (D:2)
  A kobold (D:1)
19 creatures vanquished.

Notes
Turn   | Place    | Note
-------+----------+-------------------------------------------
     0 | D:1      | kae the Tengu Transmuter began the quest for the Orb.
     0 | D:1      | Reached XP level 1. HP: 12/12 MP: 4/4
   333 | D:1      | Reached XP level 2. HP: 12/16 MP: 4/6
   413 | D:1      | You fall into a shaft and drop 1 floor!
   413 | D:2      | Found a hazy altar of Hepliaklqana.
   573 | D:2      | Reached XP level 3. HP: 12/20 MP: 5/7
  1269 | D:1      | HP: 1/20 [poisoned by a kobold]
  1270 | D:1      | Succumbed to a kobold's poison

Illustrated notes

Levels and vault maps discovered:
D:1:      dpeg_arrival_central, layout_loops_ring
D:2:      layout_loops_ring, lemuel_round_altar, minmay_crystal_water

Skill      XL: |  1  2 |
---------------+-------+-----
Transmutations | 2 |  2.1
Fighting       | |  1.3
Armour         | |  0.9
Dodging        | |  2.4
Unarmed Combat | |  3.7
Spellcasting   | |  2.2

Action                   || total
-------------------------++-------
Melee: Unarmed           ||    46
       Kick              ||    11
       Headbutt          ||     8
       Peck              ||     3
       Punch             ||     2
 Cast: Beastly Appendage ||    12
  Use: Potion            ||     2
Armor: Robe              ||    13
Dodge: Dodged            ||    40

Table legend: (Time is in decaauts)
 A = Elapsed time spent in this place.
 B = Non-inter-level travel time spent in this place.
 C = Inter-level travel time spent in this place.
 D = Time resting spent in this place.
 E = Time spent auto-exploring this place.
 F = Levels seen in this place.
 G = Mean time per level.
                   A        B        C        D        E       F      G
               +--------+--------+--------+--------+--------+-----+--------+
         Total |   1267 |   1267 |      0 |      0 |   1105 |   2 |  633.5 |
       Dungeon |   1267 |   1267 |      0 |      0 |   1105 |   2 |  633.5 |
               +--------+--------+--------+--------+--------+-----+--------+

Top non-repeatable levels by time:
     D:1: 873 daAuts
     D:2: 393 daAuts
